 Dungeon Crawl Stone Soup version 0.26.0-10-g1f06aea511 (webtiles) character file.

Game seed: 16419683851017144229

84 funkygono the Firebug (level 4, -2/24 HPs)
             Began as a Gargoyle Fire Elementalist on Jan 29, 2021.
             Slain by Grinder (7 damage)
             ... on level 3 of the Dungeon.
             The game lasted 00:05:35 (2381 turns).

funkygono the Firebug (Gargoyle Fire Elementalist)  Turns: 2381, Time: 00:05:36

Health: -2/24      AC:  6    Str: 11    XL:     4   Next: 46%
Magic:  2/7        EV: 13    Int: 17    God:
Gold:   62         SH:  0    Dex: 16    Spells: 4/8 levels left

rFire    . . .     SeeInvis .   h - +1 mace
rCold    . . .     Faith    .   (no shield)
rNeg     + . .     Spirit   .   a - +1 robe
rPois    ∞         Reflect  .   (no helmet)
rElec    +         Harm     .   (no cloak)
rCorr    .         Rampage  .   (no gloves)
Will     .....                  (no boots)
Stlth    ++........             (no amulet)
HPRegen  0.08/turn              m - +6 ring of dexterity
MPRegen  0.10/turn              (no ring)

@: no status effects
A: negative energy resistance 1, electricity resistance, unbreathing,
petrification resistance, miasma immunity, AC +3
a: no special abilities


You were on level 3 of the Dungeon.
You visited 1 branch of the dungeon, and saw 3 of its levels.

You collected 62 gold pieces.

Inventory:

Hand Weapons
 h - a +1 mace (weapon)
Missiles
 d - 58 stones
Armour
 a - a +1 robe (worn)
 b - a +3 scale mail
 g - a +2 scale mail of poison resistance
Jewellery
 m - a +6 ring of dexterity (left hand)
Scrolls
 f - a scroll of magic mapping
Potions
 i - a potion of attraction {unknown}
 l - a potion of brilliance {unknown}


   Skills:
 + Level 0.9 Fighting
 + Level 0.7 Maces & Flails
 + Level 2.1 Dodging
 - Level 2.1 Stealth
 + Level 2.6 Spellcasting
 + Level 1.9 Conjurations
 + Level 3.7 Fire Magic


You had 4 spell levels left.
You knew the following spells:

 Your Spells              Type           Power        Failure   Level
a - Foxfire               Conj/Fire      44%          5%          1
b - Conjure Flame         Conj/Fire      11%          17%         3

Your spell library contained the following spells:

 Spells                   Type           Power        Failure   Level
 Inner Flame              Hex/Fire       8%           26%         3
 Sticky Flame             Conj/Fire      11%          50%         4
 Fireball                 Conj/Fire      5%           83%         5


Dungeon Overview and Level Annotations

Branches:
Dungeon (3/15)

Altars:

Annotations:
D:3 Grinder


Innate Abilities, Weirdness & Mutations

You are resistant to torment.
Your stone body is resilient. (AC +3)
You are immune to poison.
You resist negative energy. (rN+)
You are resistant to electric shocks. (rElec)
You can survive without breathing.
You are immune to petrification.
You are immune to miasma.


Message History

Pain shoots through your body!
You closely miss Grinder.
Grinder is moderately wounded.
Grinder hits you but does no damage.
You hit Grinder.
Grinder is heavily wounded.
Grinder barely misses you. x2
You barely miss Grinder.
Grinder is heavily wounded.
Grinder closely misses you.
You hit Grinder.
Grinder is heavily wounded.
Grinder hits you.
* * * LOW HITPOINT WARNING * * *
You writhe in agony.
* * * LOW HITPOINT WARNING * * *
You hit Grinder.
Grinder is heavily wounded.
Grinder hits you!
You die...

..# #.# #.#
#.# .... #.#
...# #.# ...
#.# ..### #@#
.... #5#
..#####
#.####.......
#.#...†#
#.#....#
.#####......#
#............#
###...######.#
+... ...


You could see Grinder.

Vanquished Creatures
  2 adders (D:2)
  2 oozes (D:2)
  2 dart slugs
  4 leopard geckos
  3 giant cockroaches
  A goblin (D:2)
  5 hobgoblins
  8 jackals
  6 kobolds (D:2)
  6 bats
  4 frilled lizards
  4 rats
47 creatures vanquished.

Vanquished Creatures (collateral kills)
  2 foxfires (D:2)
2 creatures vanquished.

Vanquished Creatures (others)
  126 foxfires
  A plant (D:2)
127 creatures vanquished.

Grand Total: 176 creatures vanquished

Notes
Turn   | Place    | Note
-------+----------+-------------------------------------------
     0 | D:1      | funkygono the Gargoyle Fire Elementalist began the quest
                  | for the Orb.
     0 | D:1      | Reached XP level 1. HP: 10/10 MP: 3/3
   108 | D:1      | Reached XP level 2. HP: 15/15 MP: 0/5
   857 | D:1      | Reached XP level 3. HP: 20/20 MP: 6/6
   975 | D:1      | Learned a level 3 spell: Conjure Flame
  1911 | D:2      | Reached XP level 4. HP: 24/24 MP: 3/7
  2346 | D:3      | Noticed Grinder
  2357 | D:3      | Paralysed by Grinder for 6 turns
  2381 | D:3      | Slain by Grinder

Illustrated notes

Levels and vault maps discovered:
D:1:      roderic_chinese_lattice_arrival, layout_basic, bh_walls_and_bars
D:2:      layout_basic, serial_forest, infiniplex_forest_clump_medium,
          infiniplex_forest_clump_double, infiniplex_forest_lined_room_3,
          infiniplex_forest_end_double, infiniplex_forest_lined_corner,
          infiniplex_forest_lined_3_way, infiniplex_forest_diagonal
D:3:      layout_basic, uniq_sigmund, uniq_grinder, uniq_robin

Skill      XL: |  1  2 |
---------------+-------+-----
Dodging        | 2 |  2.1
Fighting       | |  0.9
Maces & Flails | |  0.7
Stealth        | |  2.1
Spellcasting   | |  2.6
Conjurations   | |  1.9
Fire Magic     | |  3.7

Action                   |  1- 3 |  4- 6 || total
-------------------------+-------+-------++-------
Melee: Unarmed           |     4 |       ||     4
       Mace              |    25 |    12 ||    37
 Cast: Foxfire           |    59 |    19 ||    78
  Use: Scroll            |     4 |     4 ||     8
 Stab: Sleeping          |     1 |       ||     1
Armor: Robe              |    18 |     8 ||    26
Dodge: Dodged            |    46 |    20 ||    66
